 Dungeon Crawl Stone Soup version 0.24.1-8-ga250c9d538 (webtiles) character file.

Game seed: 6433539594897616417, levelgen mode: deterministic

301 Gruesph the Insei (level 6, -15/47 HPs)
             Began as a Draconian Transmuter on Apr 28, 2020.
             Demolished by Menkaure (18 damage)
             ... on level 4 of the Dungeon.
             The game lasted 00:15:52 (3661 turns).

Gruesph the Insei (Draconian Transmuter)            Turns: 3661, Time: 00:15:52

Health: -15/47     AC:  7    Str: 12    XL:     6   Next: 14%
Magic:  5/9        EV: 12    Int: 14    God:
Gold:   76         SH:  9    Dex: 13    Spells: 4/10 levels left

rFire    . . .     SeeInvis .     - Unarmed
rCold    . . .     Gourm    .   q - +0 buckler
rNeg     . . .     Faith    .   (armour unavailable)
rPois    .         Spirit   .   (helmet restricted)
rElec    .         Reflect  +   t - +0 cloak
rCorr    .         Harm     .   (no gloves)
MR       .....                  (boots currently unavailable)
Stlth    ++........             k - +5 amulet of reflection
HPRegen  0.15/turn              (no ring)
MPRegen  0.11/turn              (no ring)

@: appendage
A: unfitting armour, talons 3, cold-blooded, AC +6
a: End Transformation


You were on level 4 of the Dungeon.
You were not hungry.
You had grown temporary talons.
You visited 1 branch of the dungeon, and saw 4 of its levels.

You collected 76 gold pieces.

Inventory:

Hand Weapons
 a - a +0 hunting sling
Missiles
 b - 14 sling bullets
 e - 106 stones
 m - 13 arrows
 o - 33 poisoned darts (quivered)
Armour
 q - a +0 buckler (worn)
 t - a +0 cloak (worn)
Jewellery
 d - a cursed ring of attention {unknown}
 i - an uncursed ring of ice {unknown}
 k - a +5 amulet of reflection (around neck)
 n - a cursed amulet of inaccuracy {unknown}
Wands
 p - a wand of polymorph (1)
Scrolls
 h - a scroll of fog
 r - a scroll of enchant weapon {unknown}
Potions
 c - 3 potions of curing
 g - a potion of flight {unknown}
 j - a potion of lignification {unknown}
 l - 2 potions of resistance
Comestibles
 f - 8 rations


   Skills:
 - Level 1.1 Fighting
 - Level 1.7 Dodging
 - Level 2.0 Stealth
 + Level 1.8 Shields
 + Level 4.9 Unarmed Combat
 + Level 2.6 Spellcasting
 + Level 2.7 Transmutations
 - Level 2.0 Poison Magic


You had 4 spell levels left.
You knew the following spells:

 Your Spells              Type           Power        Failure   Level  Hunger
a - Beastly Appendage     Tmut           #.....       10%         1    #......
b - Sticks to Snakes      Tmut           #.......     14%         2    ###....
c - Spider Form           Tmut/Pois      #.........   32%         3    ###....

Your spell library contained the following spells:

 Spells                   Type           Power        Failure   Level  Hunger
 Ice Form                 Ice/Tmut       #.......     86%         4    #####..
 Blade Hands              Tmut           #.........   95%         5    ######.


Dungeon Overview and Level Annotations

Branches:
Dungeon (4/15)
 Temple: D:4-7

Altars:
Ashenzari
Kikubaaqudgha
Wu Jian
Xom
Zin

Annotations:
D:4 Menkaure


Innate Abilities, Weirdness & Mutations

Your plain brown scales are hard. (AC +6)
You cannot fit into any form of body armour.
You are cold-blooded and may be slowed by cold attacks.
You have claws for feet.


Message History

Your ball python loses its grip on Menkaure.
You hit Menkaure. You claw Menkaure.
Menkaure is almost destroyed.
Menkaure hits you!
* * * LOW HITPOINT WARNING * * *
Your ball python bites Menkaure but does no damage.
Your ball python grabs Menkaure.
Your ball python constricts Menkaure.
Your ball python bites Menkaure but does no damage.
You hit Menkaure.
Menkaure is almost destroyed.
Menkaure hits you!
* * * LOW HITPOINT WARNING * * *
Your ball python bites Menkaure.
Your ball python constricts Menkaure.
Your ball python completely misses Menkaure.
Evoke which item? (* to show all) (? for menu, Esc to quit)
Okay, then.
You hit Menkaure but do no damage.
Menkaure is almost destroyed.
Menkaure hits you!!
You die...

*,***,* ****** *,*
#.##########*** *,,,,, *,*
#.#........#*,****** *,,,,,
*,*
#...⌠..≈...##,,>,,.****,,,,,
*,*
*,#...≈≈≈≈..#####..,,,,,,,,,
*,*
*,*#..≈≈≈≈........#,,**,,,,,
*,*
*,##..≈≈≈≈....(...#*,**,,,,,
*,*
*,#...≈...SM((.....*,,,,,,,,
*,*
*,#...≈.[.S@##..#.,,***,***,
*,* *,#._≈....⌠..##.#**,*
*,* *, *,* *,#....##.....#.#
*,***,* #. *,*
*,########(...#.# *,,,,,**#.
*,* *,,..........<#.#
*****,,**#
*,****,..######...#.#
*,,,,## *,,,,,,*** ##....##
*,**,.. ******,* #.†)..##
*,*****
#.###########....####,*


You could see Menkaure and 2 friendly ball pythons.

Vanquished Creatures
  An orc priest (D:3)
  An orc wizard (D:4)
  Crazy Yiuf (D:3)
  Ijyb (D:3)
  2 worker ants (D:4)
  6 adders
  An ooze (D:2)
  A worm (D:2)
  6 dart slugs
  2 leopard geckos
  An orc (D:4)
  4 bats
  6 giant cockroaches
  4 goblins
  3 hobgoblins
  4 quokkas
  5 frilled lizards
  5 kobolds
  A quokka skeleton (D:4)
  8 rats
63 creatures vanquished.

Vanquished Creatures (collateral kills)
  A hound (D:4)
  An adder (D:2)
  An orc (D:4)
3 creatures vanquished.

Grand Total: 66 creatures vanquished

Notes
Turn   | Place    | Note
-------+----------+-------------------------------------------
     0 | D:1      | Gruesph the Draconian Transmuter began the quest for the
                  | Orb.
     0 | D:1      | Reached XP level 1. HP: 16/16 MP: 3/3
   452 | D:1      | Reached XP level 2. HP: 13/23 MP: 3/5
   715 | D:1      | Reached skill level 1 in Stealth
   805 | D:1      | Learned a level 2 spell: Sticks to Snakes
  1024 | D:2      | Reached XP level 3. HP: 21/28 MP: 2/6
  1172 | D:2      | Learned a level 3 spell: Spider Form
  1454 | D:2      | Reached skill level 4 in Unarmed Combat
  1549 | D:2      | Found a shimmering altar of Xom.
  1579 | D:2      | Found a shimmering altar of Xom.
  1580 | D:2      | Found a shimmering altar of Xom.
  1636 | D:2      | Reached skill level 1 in Poison Magic
  1737 | D:2      | Reached XP level 4. HP: 35/35 MP: 7/7
  1887 | D:2      | Found a shattered altar of Ashenzari.
  1941 | D:3      | Noticed Ijyb
  1955 | D:3      | Killed Ijyb
  2402 | D:3      | Found a glowing silver altar of Zin.
  2639 | D:3      | Found a runed translucent door.
  2640 | D:3      | Noticed Crazy Yiuf
  2659 | D:3      | Killed Crazy Yiuf
  2946 | D:3      | Reached XP level 5. HP: 40/40 MP: 6/8
  3084 | D:3      | Found an ornate altar of the Wu Jian Council.
  3229 | D:3      | Reached skill level 1 in Shields
  3557 | D:4      | Reached XP level 6. HP: 47/47 MP: 7/9
  3625 | D:4      | Found an ancient bone altar of Kikubaaqudgha.
  3650 | D:4      | Noticed Menkaure
  3660 | D:4      | HP: 2/47 [Menkaure (12)]
  3661 | D:4      | Demolished by Menkaure

Levels and vault maps discovered:
D:1:      onia_arrival_pentagram, layout_basic
D:2:      layout_basic, xom_redecorated, marbit_many_paths
D:3:      layout_loops_ring, overflow_temple_1_default, lemuel_crystal_altar,
          minmay_misc_feat_tiny, uniq_ijyb, uniq_crazy_yiuf_cottage
D:4:      layout_rooms, kiku_gazebo_pond_becter, first_ration, uniq_menkaure

Skill      XL: |  1  2  3  4  5 |
---------------+----------------+-----
Stealth        | 1 2 |  2.0
Unarmed Combat | 4 |  4.9
Poison Magic   | 1 2 |  2.0
Shields        | 1 |  1.8
Fighting       | |  1.1
Dodging        | |  1.7
Spellcasting   | |  2.6
Transmutations | |  2.7

Action                   |  1- 3 |  4- 6 || total
-------------------------+-------+-------++-------
Melee: Unarmed           |    94 |    94 ||   188
       Tailslap          |     7 |    12 ||    19
       Punch             |     2 |       ||     2
       Headbutt          |     2 |     6 ||     8
       Kick              |       |    14 ||    14
 Fire: Hunting sling     |     6 |     2 ||     8
Throw: Stone             |    53 |    28 ||    81
       Dart              |       |    13 ||    13
 Cast: Beastly Appendage |     8 |    13 ||    21
       Sticks to Snakes  |     3 |     8 ||    11
  Use: Scroll            |       |     6 ||     6
 Stab: Sleeping          |     4 |     1 ||     5
       Distracted        |       |     1 ||     1
  Eat: Chunk             |     3 |     7 ||    10
Armor: Skin              |    44 |    24 ||    68
Dodge: Dodged            |    58 |    40 ||    98
Block: Buckler           |       |    21 ||    21
